 Dungeon Crawl Stone Soup version 0.25.0-33-gff14898491 (webtiles) character file.

Game seed: 14820483956753163159

70 Peloso the Skirmisher (level 4, -1/35 HPs)
             Began as a Demonspawn Fighter on July 6, 2020.
             Killed from afar by an orc wizard (3 damage)
             ... with a magic dart
             ... on level 2 of the Dungeon.
             The game lasted 00:02:27 (2082 turns).

Peloso the Skirmisher (Demonspawn Fighter)          Turns: 2082, Time: 00:02:27

Health: -1/35      AC:  6    Str: 18    XL:     4   Next: 3%
Magic:  4/4        EV:  7    Int:  9    God:
Gold:   142        SH:  9    Dex: 12    Spells: 3/3 levels left

rFire    . . .     SeeInvis .   a - +0 long sword
rCold    + . .     Gourm    .   c - +0 kite shield
rNeg     . . .     Faith    .   b - +0 scale mail
rPois    .         Spirit   .   (no helmet)
rElec    .         Reflect  .   (no cloak)
rCorr    .         Harm     .   (no gloves)
MR       .....                  (no boots)
Stlth    ..........             (no amulet)
HPRegen  0.11/turn              (no ring)
MPRegen  0.09/turn              (no ring)

@: no status effects
A: claws 1, cold resistance 1
a: no special abilities


You were on level 2 of the Dungeon.
You were not hungry.

You visited 1 branch of the dungeon, and saw 3 of its levels.

You collected 142 gold pieces.

Inventory:

Hand Weapons
 a - a +0 long sword (weapon)
Armour
 b - a +0 scale mail (worn)
 c - a +0 kite shield (worn)
Jewellery
 l - a cursed ring of teleportation {unknown}
Scrolls
 e - a scroll of amnesia {unknown}
 h - 5 scrolls of identify {unknown}
 i - a scroll of random uselessness {unknown}
 k - a scroll of enchant armour {unknown}
 n - a scroll of fear {unknown}
 r - a scroll of magic mapping {unknown}
Potions
 d - a potion of might
 g - a potion of curing {unknown}
 j - a potion of degeneration {unknown}
 m - 3 potions of heal wounds {unknown}
 o - a potion of lignification {unknown}
 p - a potion of brilliance {unknown}
 q - a potion of berserk rage {unknown}
 s - a potion of haste {unknown}
Comestibles
 f - 11 rations
 t - a chunk of flesh


   Skills:
 + Level 3.5 Fighting
 + Level 2.6 Long Blades
 + Level 3.1 Armour
 + Level 0.4 Dodging
 + Level 0.1 Stealth
 + Level 3.1 Shields


You had 3 spell levels left.
You didn't know any spells.
Your spell library was empty.

Dungeon Overview and Level Annotations

Branches:
Dungeon (3/15)

Altars:
Cheibriados
Vehumet


Innate Abilities, Weirdness & Mutations

You have sharp fingernails.
Your flesh is cold resistant. (rC+)


Message History

The orc hits you with a +0 flail.
You barely miss something. Something hits you but does no damage.
The orc closely misses you.
You hear some strange, mumbled words.
A puff of flame appears from out of thin air!
The puff of flame hits you.
* * * LOW HITPOINT WARNING * * *
Your shield and scale mail prevent you from hitting something.
The orc hits you with a +0 flail!
* * * LOW HITPOINT WARNING * * *
You hear some strange, mumbled words.
Something tries to affect you, but you resist.
You bump into the rock wall.
The orc barely misses you. Something hits you but does no damage.
You miss something.
You feel less confused.
You hear some strange, mumbled words.
A magic dart appears from out of thin air!
The magic dart hits you.
You die...

....## ##...#######
...........# ##...#####.#
##.######.####
###...........###########
#.....####..^...........#
#.....#######.#########.#
..........>....{@o.# #.#
#.......#####.(###.# #.#
#........####..# #.# #.#
###............# #.# #.#
#..#...#..##.###.####.#
#.###.###.............#
#..#...#..##.###.######
#...._....##.# #.#
#..#...#...#.# #.#


You could see an orc.

Vanquished Creatures
  An adder (D:2)
  4 dart slugs
  3 leopard geckos
  4 goblins
  10 hobgoblins
  7 kobolds
  A quokka (D:2)
  A ball python (D:2)
  5 bats
  7 frilled lizards
  7 rats
50 creatures vanquished.

Notes
Turn   | Place    | Note
-------+----------+-------------------------------------------
     0 | D:1      | Peloso the Demonspawn Fighter began the quest for the Orb.
     0 | D:1      | Reached XP level 1. HP: 18/18 MP: 1/1
   166 | D:1      | Gained mutation: You have sharp fingernails. [demonic
                  | ancestry]
   166 | D:1      | Reached XP level 2. HP: 24/24 MP: 2/2
   824 | D:1      | Reached XP level 3. HP: 29/29 MP: 3/3
  1035 | D:2      | Found a radiant altar of Vehumet.
  1210 | D:2      | Found a snail-covered altar of Cheibriados.
  2057 | D:3      | Gained mutation: Your flesh is cold resistant. (rC+)
                  | [demonic ancestry]
  2057 | D:3      | Reached XP level 4. HP: 35/35 MP: 4/4
  2082 | D:2      | Killed from afar by an orc wizard

Illustrated notes

Levels and vault maps discovered:
D:1:      lemuel_arrival_behind_the_door_large, layout_basic,
          minmay_pentomino_v2
D:2:      layout_loops_ring, vehumet_crystals, lemuel_doored_altar
D:3:      layout_rooms, kb_xom_exploding_sheep, first_ration

Skill      XL: |  1  2  3 |
---------------+----------+-----
Long Blades    | 2 |  2.6
Shields        | 3 |  3.1
Armour         | 3 |  3.1
Fighting       | |  3.5
Dodging        | |  0.4
Stealth        | |  0.1

Action                   |  1- 3 |  4- 6 || total
-------------------------+-------+-------++-------
Melee: Long sword        |   134 |    17 ||   151
  Eat: Chunk             |     4 |       ||     4
Armor: Scale mail        |    59 |     7 ||    66
Dodge: Dodged            |    51 |     7 ||    58
Block: Kite shield       |    89 |     9 ||    98
       Rpst.: Long sword |    16 |       ||    16
